 Dungeon Crawl Stone Soup version 0.27-a0-1312-g5cdb2b3542 (webtiles) character file.

Game seed: 16389317050855719329

51 sokol815 the Sneak (level 3, -2/21 HPs)
             Began as an Octopode Ice Elementalist on June 21, 2021.
             Slain by a bullfrog skeleton (5 damage)
             ... on level 3 of the Dungeon.
             The game lasted 00:04:18 (2383 turns).

sokol815 the Sneak (Octopode Ice Elementalist)      Turns: 2383, Time: 00:04:19

Health: -2/21      AC:  1    Str:  7    XL:     3   Next: 81%
Magic:  0/6        EV: 13    Int: 17    God:
Gold:   91         SH:  0    Dex: 13    Spells: 5/6 levels left

rFire    . . .     SeeInvis .   a - +1 dagger (venom)
rCold    . . .     Faith    .   (no shield)
rNeg     . . .     Spirit   +   (helmet restricted)
rPois    .         Reflect  .   c - amulet of guardian spirit
rElec    .         Harm     .   (no ring)
rCorr    .         Rampage  .   (no ring)
Will     .....                  (no ring)
Stlth    ++++......             (no ring)
HPRegen  0.07/turn              (no ring)
MPRegen  0.10/turn              (no ring)
                                (no ring)
                                (no ring)

@: no status effects
A: almost no armour, amphibious, 8 rings, camouflage 1, gelatinous body 1,
(nimble swimmer 1), tentacles
a: no special abilities


You were on level 3 of the Dungeon.
You visited 1 branch of the dungeon, and saw 3 of its levels.

You collected 91 gold pieces.

Inventory:

Hand Weapons
 a - a +1 dagger of venom (weapon)
   (You took it off a kobold on level 2 of the Dungeon)
Missiles
 b - 37 arrows
 d - 14 poisoned darts
 e - 20 bolts
 g - 6 boomerangs
 s - 36 stones
Jewellery
 c - an amulet of guardian spirit (around mantle)
   (You took it off a kobold on level 2 of the Dungeon)
Scrolls
 f - a scroll of holy word {unknown}
 h - a scroll of amnesia {unknown}
 i - 2 scrolls of enchant weapon
 j - a scroll of blinking {unknown}
 k - a scroll of identify {@r1}
 X - a scroll of magic mapping {@r4!r}
Potions
 L - 2 potions of flight


   Skills:
 + Level 2.7 Dodging
 * Level 4.9 Stealth
 - Level 2.0 Spellcasting
 - Level 4.0 Ice Magic


You had 5 spell levels left.
You knew the following spells:

 Your Spells              Type           Power      Damage    Failure   Level
a - Freeze                Ice            60%        1d8       3%          1

Your spell library contained the following spells:

 Spells                   Type           Power      Damage    Failure   Level
 Frozen Ramparts          Ice            30%        1d5       11%         3
 Ozocubu's Armour         Ice            15%        N/A       11%         3
 Animate Skeleton         Necr           2%         N/A       19%         1
 Pain                     Necr           4%         1d4       19%         1
 Vampiric Draining        Necr           0%         2d6       50%         3
 Hailstorm                Conj/Ice       8%         3d4       63%         4
 Animate Dead             Necr           0%         N/A       88%         4
 Metabolic Englaciation   Hex/Ice        4%         N/A       93%         5
 Agony                    Necr           1%         N/A       99%         5


Dungeon Overview and Level Annotations

Branches:
Dungeon (3/15)

Altars:

Annotations:
D:2 exclusion: 3 gnolls


Innate Abilities, Weirdness & Mutations

You cannot wear most types of armour.
You are amphibious.
You can wear up to eight rings at the same time.
Your skin changes colour to match your surroundings (Stealth+).
Your rubbery body absorbs attacks. (AC +1, EV +1)
((You are camouflaged near water. (Stealth+)))
You have tentacles for arms and can constrict up to eight enemies at once.


Message History

You now have 91 gold pieces (gained 16).
i - 2 scrolls of enchant weapon (gained 1)
You see here a +0 spear.
A goblin comes into view. It is wielding a +0 dagger.
The helpless goblin fails to defend itself.
You puncture the goblin!
You kill the goblin!
You see here a +0 spear.
You see here a frilled lizard corpse.
There is an open door here.
You see here a frilled lizard skeleton.
You see here a frilled lizard skeleton.
You see here a +0 dagger.
You see here a +0 dagger.
You see here a +0 spear.
There is a stone staircase leading up, spattered with blood here.
You see here a +0 spear.
A dart slug comes into view.
A dart slug is nearby!
A dart slug is nearby!
(D) Dungeon
Where to? (Enter - D:2, ? - help)
You see here a +0 dagger.
There is a stone staircase leading down here.
You climb downwards.
A bat and a quokka come into view.
Found 20 bolts and a scroll labelled ACRAUCRE WOMATI.
Found a stone staircase leading down.
There is a stone staircase leading up here.
The bat hits you.
You take 1 damage, and have 20/21 hp.
The bat barely misses you.
Health restored: 21 You hit the bat.
The bat is poisoned.
Your grab misses the bat. The bat barely misses you.
You hit the bat.
You kill the bat!
You see here a bat corpse.
The helpless quokka fails to defend itself.
You puncture the quokka!
You kill the quokka!
No target in view!
A rat comes into view.
The rat barely misses you.
You hit the rat but do no damage. You grab the rat. You constrict the rat.
The rat misses you.
You hit the rat.
You kill the rat!
No target in view!
e - 20 bolts
j - a lumpy coppery potion
As you read the scroll of identify {@r1}, it crumbles to dust.
j - a potion of degeneration Drop what? 14/52 slots (_ for help) (? for menu, Esc to quit)
You drop a potion of degeneration {!q}.
b - 37 arrows (gained 15)
You see here a potion of degeneration {!q}.
A rat comes into view.
You completely miss the rat. You grab the rat. You constrict the rat.
The rat bites you but does no damage.
You barely miss the rat. Your squeeze misses the rat. You constrict the rat.
You kill the rat!
j - a scroll labelled ACRAUCRE WOMATI A bullfrog skeleton comes into view.
The bullfrog skeleton misses you.
The bullfrog skeleton barely misses you.
You hit the bullfrog skeleton but do no damage.
You grab the bullfrog skeleton. You constrict the bullfrog skeleton.
The bullfrog skeleton hits you.
You take 1 damage, and have 20/21 hp.
You now have 5/6 mp.
You hit the bullfrog skeleton. You constrict the bullfrog skeleton.
The bullfrog skeleton hits you but does no damage.
You hit the bullfrog skeleton. You constrict the bullfrog skeleton.
The bullfrog skeleton hits you.
You take 5 damage, and have 15/21 hp.
MASSIVE DAMAGE!!
You now have 4/6 mp.
Aim: a bullfrog skeleton (lightly damaged, constricted by you)
You freeze the bullfrog skeleton.
The bullfrog skeleton resists.
You constrict the bullfrog skeleton. The bullfrog skeleton hits you.
The bullfrog skeleton barely misses you.
You take 3 damage, and have 12/21 hp.
You now have 2/6 mp.
Unknown command.
You release your grip on the bullfrog skeleton.
The bullfrog skeleton hits you.
You take 5 damage, and have 7/21 hp.
MASSIVE DAMAGE!!
You now have 1/6 mp.
The bullfrog skeleton barely misses you.
The bullfrog skeleton hits you.
* * * LOW HITPOINT WARNING * * *
You take 1 damage, and have 6/21 hp.
You now have 1/6 mp.
Unknown command.
The bullfrog skeleton closely misses you.
The bullfrog skeleton hits you.
* * * LOW HITPOINT WARNING * * *
You take 3 damage, and have 3/21 hp.
Okay, then.
The bullfrog skeleton hits you.
You die...

.........# ##.....####
.........# #........#
.........#####...####.#
.............#....###.#
##...........##...#...#
#................#.###
#...........#....#.#
#............[.>...#
#........†..#@....##
#..........<.Z....####
#.......†....#.......#
#..!........#....###.#
#####.#†#...#...####.#
##.#.#............#
#..#.#.#.###.######
#.##.###.....# #.##.#
#######


You could see a bullfrog skeleton.

Vanquished Creatures
  An adder (D:2)
  2 worms (D:2)
  A dart slug (D:1)
  2 endoplasms
  A hobgoblin (D:1)
  8 kobolds
  2 quokkas
  3 ball pythons
  5 bats
  4 frilled lizards
  4 goblins
  4 rats
37 creatures vanquished.

Notes
Turn   | Place    | Note
-------+----------+-------------------------------------------
     0 | D:1      | sokol815 the Octopode Ice Elementalist began the quest for
                  | the Orb.
     0 | D:1      | Reached XP level 1. HP: 11/11 MP: 3/3
   232 | D:1      | Reached skill level 3 in Stealth
   939 | D:1      | Reached XP level 2. HP: 12/17 MP: 3/5
  1493 | D:2      | Reached skill level 4 in Stealth
  1493 | D:2      | Reached XP level 3. HP: 21/21 MP: 4/6
  1498 | D:2      | Found a faded altar of an unknown god.
  2379 | D:3      | HP: 3/21 [bullfrog skeleton (3)]
  2383 | D:3      | Slain by a bullfrog skeleton

Illustrated notes

Levels and vault maps discovered:
D:1:      dpeg_arrival_water_fire, layout_loops_corners, grunt_decor_clamped
D:2:      layout_basic, basic_ecumenical_altar
D:3:      layout_basic, nicolae_gozag_seed_capital, serial_shops,
          nicolae_shop_stone

Skill      XL: |  1  2 |
---------------+-------+-----
Stealth        | 3 4 |  4.9
Dodging        | |  2.7
Spellcasting   | |  2.0
Ice Magic      | |  4.0

Action                   || total
-------------------------++-------
Melee: Constrict         ||    13
       Club              ||     3
       Unarmed           ||     2
       Tentacles         ||     2
       Dagger            ||    44
 Cast: Freeze            ||    17
  Use: Scroll            ||     4
 Stab: Sleeping          ||     9
Armor: Skin              ||     4
Dodge: Dodged            ||    35

Table legend: (Time is in decaauts)
 A = Elapsed time spent in this place.
 B = Non-inter-level travel time spent in this place.
 C = Inter-level travel time spent in this place.
 D = Time resting spent in this place.
 E = Time spent auto-exploring this place.
 F = Levels seen in this place.
 G = Mean time per level.
                   A        B        C        D        E       F      G
               +--------+--------+--------+--------+--------+-----+--------+
         Total |   2382 |   2346 |     36 |     89 |   1980 |   3 |  794.0 |
       Dungeon |   2382 |   2346 |     36 |     89 |   1980 |   3 |  794.0 |
               +--------+--------+--------+--------+--------+-----+--------+

Top non-repeatable levels by time:
     D:1: 1283 daAuts
     D:2: 986 daAuts
     D:3: 111 daAuts

Table legend:
 A = Kills in this place as a percentage of kills in entire the game.
 B = Kills by you in this place as a percentage of kills by you in the entire game.
 C = Kills by friends in this place as a percentage of kills by friends in the entire game.
 D = Other kills in this place as a percentage of other kills in the entire game.
 E = Experience gained in this place as a percentage of experience gained in the entire game.
 F = Experience gained in this place divided by the number of levels of this place that you have seen.
                   A       B       C       D       E      F
               +-------+-------+-------+-------+-------+----------------------
         Total | 100.0 | 100.0 |   N/A |   N/A | 100.0 |  24.3
       Dungeon | 100.0 | 100.0 |   N/A |   N/A | 100.0 |  24.3
               +-------+-------+-------+-------+-------+----------------------
